AoeStats
← Aura Crop Rotation

Arena

509209709Analyzed
4v4 RM · 7d ago on Sep 25, 2026· 72m 33s· 8 players
Game mode
Random Map
Map size
Large (8 player)
Population
200
Speed
Normal
Resources
Standard
Victory
Conquest
Starting age
Dark Age
Ending age
Imperial Age
RankedLock teamsTeams togetherTeam positionsShared explorationLock speedFull tech treeHidden civsTurbo modeCheats
Victory
Defeat
🇹🇷 Spanish · Türkiye
498
+17
🇲🇽 Khmer · Mexico
472
+18
🇺🇸 Vikings · United States
457
+19
🇬🇧 Sicilians · United Kingdom
423
+20
🇩🇪 Wei · Germany
605
-23
🇪🇸 Spanish · Spain
567
-20
538
-19
🇬🇧 Britons · United Kingdom
367
-12
Porowy
0:33 Loom
10:11 Feudal Age
11:27 Wheelbarrow
10:38 Town Watch
15:38 Double-Bit Axe
15:55 Horse Collar
23:03 Castle Age
28:33 Bloodlines
33:38 Pikeman
39:27 Imperial Age
38:08 Scale Mail Armor
38:43 Light Cavalry
39:25 Husbandry
40:12 Capped Ram
46:49 Halberdier
48:30 Forging
48:37 Chain Mail Armor
48:23 Gold Mining
48:25 Stone Mining
49:42 Hand Cart
49:41 Scale Barding Armor
51:06 Gold Shaft Mining
50:35 Man-at-Arms
52:04 Double Crossbow
55:46 Bow Saw
57:00 Chemistry
63:18 Elite Ballista Elephant
71:50 Hussar
ruskihitman1
12:35 Feudal Age
13:52 Double-Bit Axe
14:03 Horse Collar
19:40 Castle Age
18:54 Padded Archer Armor
20:26 Heavy Plow
21:24 Bow Saw
29:43 Stone Mining
29:47 Gold Mining
32:13 Caravan
42:21 Elite Skirmisher
42:44 Crossbowman
47:47 Gold Shaft Mining
50:33 Imperial Age
54:37 Leather Archer Armor
54:12 Fletching
54:23 Scale Mail Armor
54:28 Scale Barding Armor
54:34 Forging
56:07 Ring Archer Armor
55:28 Arrowslits
56:44 Chemistry
56:06 Ballistics
LEONIDAS
12:26 Feudal Age
13:01 Horse Collar
13:11 Double-Bit Axe
14:09 Loom
15:00 Wheelbarrow
15:46 Gold Mining
19:28 Stone Mining
19:49 Town Watch
22:18 Castle Age
25:35 Stone Shaft Mining
25:19 Bow Saw
26:24 Heavy Plow
28:17 Hand Cart
32:18 Forging
40:19 Imperial Age
37:55 Town Patrol
40:04 Inquisition
41:20 Iron Casting
40:47 Scale Mail Armor
40:26 Elite Conquistador
42:00 Hoardings
41:45 Supremacy
40:59 Sappers
44:38 Conscription
43:42 Pikeman
44:26 Squires
44:14 Arson
45:58 Blast Furnace
44:49 Fletching
45:17 Chain Mail Armor
45:02 Padded Archer Armor
46:06 Chemistry
45:27 Ballistics
44:52 Halberdier
45:21 Gambesons
46:23 Caravan
46:53 Coinage
46:34 Guilds
49:58 Two-Man Saw
49:41 Bodkin Arrow
50:18 Plate Mail Armor
50:04 Leather Archer Armor
49:58 Scale Barding Armor
50:31 Elite Skirmisher
51:19 Thumb Ring
50:38 Heavy Mounted Crossbowman
51:42 Bombard Tower
51:18 Murder Holes
52:00 Banking
56:09 Bracer
56:41 Ring Archer Armor
59:00 Bloodlines
63:25 Chain Barding Armor
krissy2b3
1:26 Loom
19:28 Feudal Age
20:45 Wheelbarrow
20:00 Town Watch
19:57 Horse Collar
20:36 Gold Mining
20:46 Stone Mining
21:21 Fletching
21:53 Double-Bit Axe
22:37 Scale Mail Armor
23:07 Bloodlines
30:57 Castle Age
31:24 Pikeman
32:49 Husbandry
38:16 First Crusade
37:32 Man-at-Arms
37:58 Gambesons
38:14 Squires
38:39 Caravan
44:31 Light Cavalry
44:43 Crossbowman
44:44 Elite Skirmisher
47:17 Town Patrol
60:48 Arson
73:26 Hand Cart
lleixa89
14:21 Feudal Age
15:07 Double-Bit Axe
18:24 Horse Collar
20:18 Gold Mining
20:02 Man-at-Arms
21:46 Forging
21:34 Stone Mining
23:07 Wheelbarrow
28:00 Castle Age
26:11 Scale Mail Armor
26:18 Scale Barding Armor
26:13 Padded Archer Armor
29:35 Husbandry
28:59 Elite Skirmisher
29:03 Long Swordsman
29:04 Pikeman
30:45 Hand Cart
31:39 Stone Shaft Mining
31:09 Heavy Plow
31:34 Leather Archer Armor
33:33 Thumb Ring
37:02 Ballistics
38:11 Iron Casting
40:21 Caravan
40:52 Coinage
41:37 Chain Barding Armor
43:25 Bow Saw
45:46 Chain Mail Armor
48:39 Imperial Age
47:33 Fortified Wall
47:19 Murder Holes
50:39 Banking
50:20 Guilds
50:48 Supremacy
51:06 Inquisition
52:21 Blast Furnace
53:00 Chemistry
52:52 Cavalier
53:17 Two-Handed Swordsman
53:44 Gambesons
55:10 Masonry
54:46 Arrowslits
58:40 Redemption
58:31 Atonement
58:41 Fervor
58:47 Block Printing
58:58 Illumination
58:33 Devotion
58:54 Sanctity
58:55 Heresy
59:11 Theocracy
62:03 Plate Barding Armor
61:59 Plate Mail Armor
65:27 Architecture
65:28 Faith
65:06 Herbal Medicine
65:47 Ring Archer Armor
65:08 Fletching
64:46 Elite Conquistador
65:25 Paladin
67:41 Hoardings
67:43 Conscription
66:55 Heavy Mounted Crossbowman
LordEistee
13:11 Feudal Age
15:56 Wheelbarrow
15:08 Double-Bit Axe
15:06 Horse Collar
18:52 Castle Age
18:58 Stone Mining
20:52 Bow Saw
21:25 Caravan
24:12 Hand Cart
26:22 Gold Mining
27:07 Stone Shaft Mining
26:45 Heavy Plow
32:38 Imperial Age
35:17 Onager
39:03 Elite Tiger Cavalry
39:44 Tuntian
40:01 Forging
39:57 Scale Barding Armor
39:54 Padded Archer Armor
39:44 Fletching
40:23 Fortified Wall
40:34 Ballistics
40:05 Heated Shot
41:03 Crop Rotation
43:59 Parthian Tactics
48:48 Thumb Ring
48:14 Elite Skirmisher
49:08 Scale Mail Armor
A7NationAshyCouldn'tHoldMeBack
1:07 Loom
7:04 Wheelbarrow
13:26 Feudal Age
12:59 Double-Bit Axe
12:57 Horse Collar
14:24 Heavy Plow
14:36 Bow Saw
19:01 Gold Mining
19:04 Stone Mining
19:32 Stone Mining
20:20 Gold Shaft Mining
23:45 Castle Age
24:36 Forging
24:31 Scale Barding Armor
26:05 Two-Man Saw
25:29 Husbandry
24:57 Cavalier
26:21 Stone Shaft Mining
27:48 Crop Rotation
28:48 Caravan
41:04 Imperial Age
42:11 Paladin
47:50 Chain Barding Armor
48:05 Iron Casting
50:47 Murder Holes
55:26 Ballistics
58:05 Chemistry
Aura Crop Rotation
0:56 Loom
16:35 Feudal Age
17:05 Double-Bit Axe
17:07 Horse Collar
18:07 Wheelbarrow
26:57 Castle Age
24:50 Gold Mining
24:54 Stone Mining
28:26 Hand Cart
29:15 Heavy Plow
29:30 Bow Saw
29:15 Pikeman
29:56 Squires
29:42 Arson
Connection lost

Rejoining the realm…

Still unreachable

The connection could not be restored.

Session expired

The server has moved on; the page needs a fresh start.